Zazza, lawful female human Knight ------ ----- |.>...# `###########....| |....| ------ |...| |....| |.....######.<.)uo |.....##########` |....| |.).|G############### |....| |....| -----### ----------|--- ---.-- ##.....| #####...).........- # # |....| ###|............| # ### ------ #+..\.......(.| # # ------------- ### # # # ---.---------# |`..........|# |...........|# |...........-# ------------- Zazza the Bachelor Experience level: 6 Strength: 13 Dexterity: 9 Constitution: 13 Intelligence: 7 Wisdom: 17 Charisma: 18 Health: 0(50) Energy: 36(36) Def: 6 Gold: 0 Moves: 6278 Dungeon seed: -q7WNJXOS0rM80PM Game ID: Zazza_1563131880 Your Inventory: Amulets p - an uncursed amulet of unchanging (being worn) Weapons a - a corroded +1 long sword b - a blessed +1 lance (weapon in hand) H - a +0 knife (in quiver) Y - 11 cursed +0 darts Z - a +1 orcish dagger Armor h - an uncursed +0 leather armor (being worn) n - an uncursed +0 helmet (being worn) q - an uncursed +0 small shield (being worn) r - an uncursed +0 pair of leather gloves (being worn) Q - a blessed +1 mummy wrapping (being worn) Comestibles d - 2 uncursed carrots g - an uncursed partly eaten bugbear corpse s - 2 uncursed lembas wafers u - 2 uncursed eucalyptus leaves w - 2 uncursed slime molds F - an uncursed fortune cookie I - 3 uncursed eggs Scrolls c - an uncursed scroll of charging Wands o - a wand of polymorph (0:8) v - a wand of digging (0:5) Tools f - an uncursed tin whistle C - an uncursed oil lamp (0:1483) E - 2 uncursed partly used tallow candles (0:124) Gems e - an uncursed worthless piece of orange glass Spells and supernatural/magical abilities: Name Level Category Fail Memory W - pray for help -- divine ? -- X - turn undead -- divine ? -- Y - supernatural jump -- ability ? -- Your skills at the end: Fighting Skills riding [Basic] Weapon Skills long sword [Skilled] lance [Basic] Spellcasting Skills Final Attributes: You were piously aligned. You could jump. You were riding Flegs. You could not change from your current form. You are dead. Vanquished creatures: a gnome king 2 housecats 2 human zombies 2 bugbears a rock piercer a pony 2 shriekers 4 gnome lords 3 gnomish wizards 2 kobold mummies a guardian naga hatchling a gray ooze 3 floating eyes 2 kittens 3 dwarves 2 homunculi a kobold lord 2 kobold shamans 2 rothes 2 giant bats 2 dwarf zombies a wererat 4 iguanas 2 acid blobs a gas spore 6 hobgoblins 8 giant rats a cave spider a yellow mold 20 gnomes 2 garter snakes a gnome zombie 5 geckos 7 jackals 4 foxes a kobold 6 goblins 3 sewer rats 3 grid bugs 5 lichens 2 kobold zombies 6 newts 130 creatures vanquished. Voluntary challenges: You used a wielded weapon 99 times, starting on turn 4. You were illiterate. You never genocided any monsters. You never polymorphed an object. You never changed form. You used no wishes. You never split a pudding. You never wrote Elbereth's name. You violated your moral code, losing 1 point of alignment, starting on turn 6233. Dungeon overview: The Dungeons of Doom: levels 1 to 7 Level 1 some fountains a long staircase Level 2 a hardware shop, a fountain Level 3 an altar to Lugh stairs to The Gnomish Mines Level 4 (gold) Level 5 Level 6 <- You were here a throne Level 7 The Gnomish Mines: levels 4 to 6 Level 4 stairs to The Dungeons of Doom Level 5 Level 6 many shops, a temple to Brigit, some fountains History has recorded: On T:1 you entered the Dungeons of Doom to retrieve the Amulet of Yendor! On T:563 you reached level 2 of The Dungeons of Doom. On T:718 you advanced to experience level 2. On T:911 you reached level 3 of The Dungeons of Doom. On T:1845 you reached level 4 of The Dungeons of Doom. On T:2229 you reached level 5 of The Dungeons of Doom. On T:2231 you advanced to experience level 3. On T:2936 you reached level 6 of The Dungeons of Doom. On T:3108 you reached level 7 of The Dungeons of Doom. On T:3650 you advanced to experience level 4. On T:3748 you reached level 1 of The Gnomish Mines. On T:4185 you reached level 2 of The Gnomish Mines. On T:4627 you advanced to experience level 5. On T:4863 you reached level 3 of The Gnomish Mines. On T:6255 you advanced to experience level 6. Score breakdown: Gold: 0 ( 0 points) Experience: 6 levels (12456 points) Exploration: 7 levels ( 13.73%) (10392 points) Discoveries: 10 items ( 4.07%) ( 6048 points) Valuables value: (no points given unless you survive) Artifact value: 0 ( 0 points) Variety of kills: 42 monsters ( 11.02%) ( 9960 points) Turncount: 6278 turns (-1690 points) Survival: died (score multiplied by 80%) Total score: 29732 Latest messages: Flegs hits the gnome lord. Flegs bites the gnome lord. The gnome lord is killed! You are hit! It misses. You hit it. The bugbear zaps a balsa wand! The magic missile hits you! The gnome king wields an orcish dagger! The bugbear zaps a wand of magic missile! The magic missile hits it. You miss it. The gnome king thrusts his orcish dagger. The gnome king hits! The bugbear misses Flegs. Flegs hits the bugbear. The bugbear is killed! The gnome king thrusts his orcish dagger. The gnome king hits! You miss it. The gnome king thrusts his orcish dagger. The gnome king hits! The Mordor orc zaps a wand of magic missile! The magic missile hits you! You die... Final status: Fare thee well Zazza the Knight, killed by a magic missile... You died in The Dungeons of Doom on dungeon level 6 with 29732 points, and 0 pieces of gold, after 6278 moves. You were level 6 with a maximum of 50 hit points when you died.